 Dungeon Crawl Stone Soup version 0.26.0-10-g1f06aea511 (webtiles) character file.

Game seed: 6051115967677583778

163 MisterFreud the Conjurer (level 5, -9/35 HPs)
             Began as a Demonspawn Conjurer on Jan 29, 2021.
             Mangled by Pikel
             ... wielding a +1 whip of freezing
              (11 damage)
             ... on level 4 of the Dungeon.
             The game lasted 00:04:24 (3713 turns).

MisterFreud the Conjurer (Demonspawn Conjurer)      Turns: 3713, Time: 00:04:24

Health: -9/35      AC:  4    Str:  8    XL:     5   Next: 20%
Magic:  5/8        EV: 12    Int: 20    God:
Gold:   79         SH:  0    Dex: 11    Spells: 7/8 levels left

rFire    . . .     SeeInvis .   k - +2 hand axe (elec)
rCold    + . .     Faith    +   (no shield)
rNeg     . . .     Spirit   .   a - +0 robe
rPois    .         Reflect  .   h - +1 helmet
rElec    .         Harm     .   r - scarf {shadows}
rCorr    .         Rampage  .   (no gloves)
Will     .....                  (no boots)
Stlth    ++........             t - amulet of faith
HPRegen  0.11/turn              (no ring)
MPRegen  0.11/turn              (no ring)

@: no status effects
A: claws 1, cold resistance 1, miasma immunity
a: no special abilities


You were on level 4 of the Dungeon.
You visited 1 branch of the dungeon, and saw 4 of its levels.

You collected 79 gold pieces.

Inventory:

Hand Weapons
 d - a +0 dagger
 k - a +2 hand axe of electrocution (weapon)
Missiles
 p - 3 curare-tipped darts
Armour
 a - a +0 robe (worn)
 h - a +1 helmet (worn)
 j - a +0 buckler
 r - a scarf of shadows (worn)
Jewellery
 t - an amulet of faith (around neck)
Scrolls
 b - 4 scrolls of identify {unknown}
 e - 2 scrolls of teleportation {unknown}
 q - a scroll of magic mapping {unknown}
 u - a scroll of fog {unknown}
 v - a scroll of amnesia {unknown}
Potions
 c - a potion of lignification {unknown}
 f - 2 potions of mutation {unknown}
 g - a potion of curing {unknown}
 i - 2 potions of degeneration {unknown}
 l - a potion of flight {unknown}
 m - a potion of attraction {unknown}
 n - 2 potions of heal wounds {unknown}
 o - a potion of berserk rage {unknown}
 s - a potion of magic {unknown}


   Skills:
 + Level 1.1 Axes
 - Level 1.7 Dodging
 - Level 1.7 Stealth
 + Level 1.5 Shields
 - Level 2.0 Spellcasting
 - Level 6.0 Conjurations


You had 7 spell levels left.
You knew the following spells:

 Your Spells              Type           Power        Failure   Level
a - Magic Dart            Conj           52%          1%          1

Your spell library contained the following spells:

 Spells                   Type           Power        Failure   Level
 Searing Ray              Conj           26%          1%          2
 Dazzling Flash           Conj/Hex       14%          14%         3
 Fulminant Prism          Conj/Hex       3%           41%         4
 Iskenderun's Mystic Bla  Conj/Tloc      7%           41%         4


Dungeon Overview and Level Annotations

Branches:
Dungeon (4/15)
 Temple: D:4-7

Altars:
Uskayaw

Annotations:
D:4 Pikel


Innate Abilities, Weirdness & Mutations

You have sharp fingernails.
Your flesh is cold resistant. (rC+)
You are immune to miasma.


Message History

Pikel hits you with a +1 whip of freezing!
* * * LOW HITPOINT WARNING * * *
Pikel freezes you.
* * * LOW HITPOINT WARNING * * *
You barely miss Pikel.
Pikel is severely wounded.
Pikel hits you but does no damage.
You hit Pikel but do no damage.
Pikel is severely wounded.
Pikel barely misses you.
Unknown command.
You barely miss Pikel.
Pikel is severely wounded.
Pikel hits you with a +1 whip of freezing.
* * * LOW HITPOINT WARNING * * *
Pikel closely misses you.
You closely miss Pikel.
Pikel is severely wounded.
Pikel hits you with a +1 whip of freezing!
You die...

########## #........#
#........# #........#
##### #........# ....#
#........#
.##.####........####5..
..........[.....@K555r.
.##.............#######
###.............#
.........########
###......# ..+........
###........ #........
#........


You could see Pikel, 4 lemures and a quokka.

Vanquished Creatures
  An orc wizard (D:2)
  A worker ant (D:4)
  A hound skeleton (D:3)
  2 adders
  A shadow imp (D:4)
  2 worms (D:3)
  A dart slug (D:1)
  2 leopard geckos
  4 orcs
  2 giant cockroaches (D:1)
  6 goblins
  4 hobgoblins
  7 jackals
  6 kobolds
  A quokka (D:2)
  9 bats
  4 frilled lizards
  5 rats
59 creatures vanquished.

Notes
Turn   | Place    | Note
-------+----------+-------------------------------------------
     0 | D:1      | MisterFreud the Demonspawn Conjurer began the quest for the
                  | Orb.
     0 | D:1      | Reached XP level 1. HP: 13/13 MP: 3/3
   396 | D:1      | Gained mutation: You are immune to miasma. [demonic
                  | ancestry]
   396 | D:1      | Reached XP level 2. HP: 7/19 MP: 1/5
   781 | D:1      | You fall into a shaft and drop 1 floor!
   804 | D:2      | Found a hide-covered altar of Uskayaw.
   820 | D:2      | Reached skill level 5 in Conjurations
   820 | D:2      | Gained mutation: Your flesh is cold resistant. (rC+)
                  | [demonic ancestry]
   820 | D:2      | Reached XP level 3. HP: 4/24 MP: 6/6
  1499 | D:2      | Gained mutation: You have sharp fingernails. [demonic
                  | ancestry]
  1499 | D:2      | Reached XP level 4. HP: 30/30 MP: 3/7
  2383 | D:3      | Reached skill level 6 in Conjurations
  2609 | D:3      | Reached skill level 1 in Shields
  3431 | D:4      | Reached skill level 1 in Axes
  3431 | D:4      | Reached XP level 5. HP: 23/35 MP: 5/8
  3699 | D:4      | Noticed Pikel
  3699 | D:4      | Noticed a lemure
  3701 | D:4      | Noticed a lemure
  3701 | D:4      | Noticed a lemure
  3702 | D:4      | Noticed a lemure
  3713 | D:4      | Mangled by Pikel

Illustrated notes

Levels and vault maps discovered:
D:1:      grunt_arrival_crossed_arrows, layout_rooms
D:2:      layout_loops_ring, eat_drink_and_be_merry_uskayaw, minmay_tromino_v7
D:3:      layout_loops_cross
D:4:      layout_basic, uniq_pikel

Skill      XL: |  1  2  3  4 |
---------------+-------------+-----
Conjurations   | 5 6 |  6.0
Shields        | 1 |  1.5
Axes           | 1 |  1.1
Dodging        | |  1.7
Stealth        | |  1.7
Spellcasting   | |  2.0

Action                   |  1- 3 |  4- 6 || total
-------------------------+-------+-------++-------
Melee: Dagger            |    18 |       ||    18
       Hand axe          |    33 |    20 ||    53
 Cast: Magic Dart        |    53 |    65 ||   118
Armor: Robe              |    21 |     3 ||    24
Dodge: Dodged            |    43 |     8 ||    51
